 Dungeon Crawl Stone Soup version 0.30.1-11-g7821555f0a (webtiles) character file.

Game seed: 284903721457727218

43 HakonGodeson the Trooper (level 3, -1/29 HPs)
             Began as a Human Fighter on Dec 5, 2023.
             Slain by Grinder (2 damage)
             ... on level 3 of the Dungeon.
             The game lasted 00:03:03 (525 turns).

HakonGodeson the Trooper (Human Fighter)             Turns: 525, Time: 00:03:04

Health: -1/29      AC:  6    Str: 16    XL:     3   Next: 82%
Magic:  3/3        EV:  9    Int: 10    God:
Gold:   64         SH:  4    Dex: 12    Spells: 2/2 levels left

rFire   . . .        a - +0 long sword
rCold   . . .        c - +0 buckler
rNeg    . . .        b - +0 scale mail
rPois   .            (no helmet)
rElec   .            (no cloak)
rCorr   .            (no gloves)
SInv    .            (no boots)
Will    .....        (no amulet) Stlth
                     (no ring)
HPRegen 0.24/turn    (no ring)
MPRegen 0.08/turn

%: no passive effects
@: mighty, brilliant
A: no striking features
a: no special abilities


You were on level 3 of the Dungeon.
You visited 1 branch of the dungeon, and saw 4 of its levels.

You collected 64 gold pieces.

Inventory:

Hand Weapons
 a - a +0 long sword (weapon)
Armour
 b - a +0 scale mail (worn)
 c - a +0 buckler (worn)


   Skills:
 * Level 3.4 Fighting
 * Level 2.3 Long Blades
 * Level 3.3 Armour
 * Level 0.6 Dodging
 * Level 0.6 Stealth
 * Level 3.3 Shields


You had 2 spell levels left.
You didn't know any spells.
Your spell library was empty.

Dungeon Overview and Level Annotations

Branches:
Dungeon (4/15)
 Temple: D:4-7

Altars:

Annotations:
D:3 Grinder
D:4 Pikel


Message History

Grinder gestures at you. Pain shoots through your body!
Unknown command.
You aren't carrying any scrolls.
Unknown command.
There is a stone staircase leading down here.
Grinder blinks!
You climb downwards.
Pikel shouts!
The lemure shouts! x2; You hear a shout! x5
Found a scroll labelled TOTUZ JANNOOKK and 16 gold pieces.
Found a stone staircase leading up.
There is a stone staircase leading up here.
You climb upwards.
Level annotation: Grinder Grinder gestures at you.
Pain shoots through your body!
* * * LOW HITPOINT WARNING * * *
There is a stone staircase leading down here.
Unknown command.
You feel very mighty all of a sudden.
You barely miss Grinder. You block Grinder's attack.
You closely miss Grinder.
Grinder blinks!
You block Grinder's attack. You block Grinder's attack.
You closely miss Grinder. Grinder gestures at you.
You barely resist. You barely miss Grinder.
Grinder blinks!
Grinder gestures at you. Pain shoots through your body!
* * * LOW HITPOINT WARNING * * *
Grinder hits you.
* * * LOW HITPOINT WARNING * * *
You slash Grinder!
Grinder is moderately wounded.
Grinder gestures at you. Pain shoots through your body!
* * * LOW HITPOINT WARNING * * *
Grinder hits you.
You die...

#.......##.....+
#.......##.....# ####
#.......##.....# #...
#.......##.....###########...
#.......##..>..+.....).......
#.......##.....##..)######...
#..............##)..# #...
#.......##........### #...
####..#.##..@5....# #...
#...............# #...
#....###........### ####
#....###..........#
#........###......#
##.####### #....(.# #.....#
######## ######5# #.####.#


You could see Grinder.

Vanquished Creatures
  2 adders
  2 orcs (D:3)
  3 ball pythons (D:1)
  An endoplasm (D:1)
  6 goblins
  3 hobgoblins
  2 kobolds
19 creatures vanquished.

Notes
Turn   | Place    | Note
-------+----------+-------------------------------------------
     0 | D:1      | HakonGodeson the Human Fighter began the quest for the Orb.
     0 | D:1      | Reached XP level 1. HP: 18/18 MP: 1/1
    38 | D:1      | Reached XP level 2. HP: 24/24 MP: 2/2
   191 | D:2      | Reached XP level 3. HP: 28/29 MP: 3/3
   476 | D:3      | Noticed Grinder
   511 | D:4      | Noticed Pikel
   511 | D:4      | Noticed a lemure
   511 | D:4      | Noticed a lemure
   511 | D:4      | Noticed a lemure
   512 | D:4      | Noticed a lemure
   524 | D:3      | HP: 1/29 [Grinder (5)]
   525 | D:3      | Slain by Grinder

Illustrated notes

Levels and vault maps discovered:
D:1:      spicycebolla_arrival_xxxplode, layout_basic,
          dreamdust_ecumenical_altar_angels_and_demons, minmay_octomino_j4
D:2:      layout_basic
D:3:      layout_basic, uniq_grinder, uniq_terence, uniq_ijyb
D:4:      layout_loops_ring, uniq_pikel

Action                     || total
---------------------------++-------
  Melee: Long sword        ||    65
    Use: Scroll            ||     4
         Potion            ||     3
 Armour: Scale mail        ||    39
  Dodge: Dodged            ||    16
  Block: Buckler           ||    21
